AoeStats
← Tavik

African Clearing

504457537Analyzed
4v4 RM · 27d ago on Sep 5, 2026· 9m 19s· 8 players
Game mode
Random Map
Map size
Large (8 player)
Population
200
Speed
Normal
Resources
Standard
Victory
Conquest
Starting age
Dark Age
Ending age
Imperial Age
RankedLock teamsTeams togetherTeam positionsShared explorationLock speedFull tech treeHidden civsTurbo modeCheats
Victory
Defeat
🇩🇪 Mongols · Germany
1400
+13
🇩🇪 Magyars · Germany
1369
+15
🇻🇳 Hindustanis · Vietnam
1360
+15
🇨🇿 Chinese · Czechia
1348
+16
🇦🇷 Teutons · Argentina
1419
-18
🇨🇳 Khmer · China
1345
-15
🇨🇳 Bengalis · China
1315
-14
🇻🇪 Franks · Venezuela
1284
-12
Lynx
7:13 Loom
dayjaby
8:57 Loom
Tavik
3:15 Loom
Melodies of Life
3:39 Loom
RagnarLothbrok
7:37 Loom
WCID
4:16 Loom
lobo
Inklimus
4:17 Loom
5:48 Loom
Connection lost

Rejoining the realm…

Still unreachable

The connection could not be restored.

Session expired

The server has moved on; the page needs a fresh start.